 Dungeon Crawl Stone Soup version 0.23-a0-398-g8eab93f (webtiles) character file.

1458 XanderDroid the Cleaver (level 8, -2/109 HPs)
             Began as a Minotaur Berserker on Nov 3, 2018.
             Was a Priest of Trog.
             Slain by an ogre
             ... wielding a +0 giant club
              (20 damage)
             ... on level 6 of the Dungeon.
             The game lasted 00:23:10 (5450 turns).

XanderDroid the Cleaver (Minotaur Berserker)        Turns: 5450, Time: 00:23:11

Health: -2/109     AC: 10    Str: 27    XL:     8   Next: 47%
Magic:  7/7        EV:  9    Int:  4    God:    Trog [***...]
Gold:   199        SH:  0    Dex: 12    Spells: 7/7 levels left

rFire    + . .     SeeInvis .   a - +0 hand axe
rCold    . . .     Gourm    +   (no shield)
rNeg     . . .     Faith    .   s - +0 chain mail
rPois    .         Spirit   .   (helmet restricted)
rElec    .         Reflect  .   (no cloak)
rCorr    .         Harm     .   (no gloves)
MR       +....                  (no boots)
Stlth    ..........             g - amulet of the gourmand
HPRegen  0.28/turn              e - ring of protection from magic
MPRegen  0.10/turn              u - ring of protection from fire

@: berserking, very quick
A: retaliatory headbutt, horns 2
a: Berserk, Trog's Hand, Renounce Religion


You were on level 6 of the Dungeon.
You worshipped Trog.
Trog was most pleased with you.
You were very full.

You visited 2 branches of the dungeon, and saw 7 of its levels.

You collected 199 gold pieces.

Inventory:

Hand Weapons
 a - a +0 hand axe (weapon)
 b - a +4 flail of protection
Armour
 s - a +0 chain mail (worn)
Jewellery
 e - a ring of protection from magic (left hand)
 g - an amulet of the gourmand (around neck)
 u - a ring of protection from fire (right hand)
 v - an uncursed ring of positive energy
 w - a +6 ring of protection {unknown}
Wands
 k - a wand of iceblast (10)
Scrolls
 d - 4 scrolls of teleportation
 h - a scroll of blinking {unknown}
 j - a scroll of fog {unknown}
 m - 2 scrolls of magic mapping {unknown}
 q - 2 scrolls of remove curse
Potions
 f - 2 potions of resistance
 i - 2 potions of flight {unknown}
 l - a potion of agility {unknown}
 n - 2 potions of heal wounds {unknown}
 o - a potion of lignification {unknown}
 r - a potion of magic {unknown}
 t - a potion of berserk rage {unknown}
Comestibles
 c - 10 rations
 p - 5 chunks of flesh


   Skills:
 + Level 7.2 Fighting
 * Level 9.6 Axes
 + Level 6.7 Armour
 - Level 2.4 Dodging


You had 7 spell levels left.
You didn't know any spells.
Your spell library was empty.

Dungeon Overview and Level Annotations

Branches:
Dungeon (6/15)             Temple (1/1) D:4

Altars:
Ashenzari
Dithmenos
Elyvilon
Fedhas
Hepliaklqana
Makhleb
Okawaru
Qazlal
Sif Muna
Trog
Uskayaw
The Shining One


Innate Abilities, Weirdness & Mutations

You reflexively headbutt those who attack you in melee.
You have a pair of horns on your head.


Message History

An ogre comes into view. It is wielding a +0 giant club.
The ogre hits you with a +0 giant club!!
You hit the ogre.
You headbutt the ogre, but do no damage.
The ogre is lightly wounded.
The ogre hits you with a +0 giant club!!
You are too injured to fight recklessly!
You are too injured to fight recklessly!
A red film seems to cover your vision as you go berserk!
You feel yourself moving faster!
You feel mighty!
The ogre hits you with a +0 giant club!!
* * * LOW HITPOINT WARNING * * *
You slash the ogre!
The ogre is heavily wounded.
You closely miss the ogre.
The ogre is heavily wounded.
You barely miss the ogre. You headbutt the ogre!
The ogre is almost dead.
The ogre hits you with a +0 giant club!!
You die...

...# ...# ...# #######
#######.....#########.#
.......................
#######.###.###.#####.
.#.(....###.# #.#
...####.....###.####
...####......#..@O.#
.............#.....#
#..####......#.....#
#..# #.#..###.....#
#..# #.##.# #.....#
...# #.# .# #.....#
).#####÷# . ##.####
..÷.....# # #.
#########


You could see an ogre.

Vanquished Creatures
  Pikel (D:4)
  Edmund (D:5)
  A phantom (D:5)
  A slave (D:4)
  2 ogres (D:4)
  A bullfrog (D:3)
  2 scorpions
  2 crimson imps
  2 hounds
  An orc wizard (D:6)
  2 orc priests
  2 iguanas
  A worker ant (D:5)
  A hound skeleton (D:4)
  7 adders
  A howler monkey skeleton (D:6)
  2 shadow imps
  An adder skeleton (D:4)
  3 worms
  3 dart slugs
  7 leopard geckos
  13 orcs
  A ball python (D:5)
  4 bats
  4 giant cockroaches
  8 goblins
  5 hobgoblins
  4 jackals
  7 kobolds
  A quokka (D:3)
  4 frilled lizards
  6 rats
101 creatures vanquished.

Vanquished Creatures (others)
  A slave (D:5)
  A phantom (D:5)
  A howler monkey (D:5)
3 creatures vanquished.

Grand Total: 104 creatures vanquished

Notes
Turn   | Place    | Note
-------+----------+-------------------------------------------
     0 | D:1      | XanderDroid the Minotaur Berserker began the quest for the
                  | Orb.
     0 | D:1      | Reached XP level 1. HP: 19/19 MP: 0/0
   595 | D:1      | Reached XP level 2. HP: 22/27 MP: 1/1
   687 | D:2      | Reached skill level 4 in Axes
   934 | D:2      | Reached ** piety under Trog
  1000 | D:2      | Reached XP level 3. HP: 33/33 MP: 2/2
  1379 | D:3      | Reached XP level 4. HP: 38/40 MP: 3/3
  1445 | D:3      | Found a glowing golden altar of the Shining One.
  1460 | D:3      | Reached skill level 5 in Axes
  1490 | D:3      | Noticed a bullfrog
  1515 | D:3      | Killed a bullfrog
  1515 | D:3      | Reached XP level 5. HP: 34/47 MP: 4/4
  1763 | D:3      | Reached *** piety under Trog
  2072 | D:3      | Found a hide-covered altar of Uskayaw.
  2246 | D:4      | Found a staircase to the Ecumenical Temple.
  2252 | Temple   | Entered the Ecumenical Temple
  2362 | D:4      | Noticed an ogre
  2379 | D:4      | Killed an ogre
  2379 | D:4      | Reached skill level 5 in Fighting
  2379 | D:4      | Reached skill level 6 in Axes
  2379 | D:4      | Reached XP level 6. HP: 17/56 MP: 5/5
  2845 | D:4      | Found a blossoming altar of Fedhas.
  3179 | D:4      | You fall through a shaft for 2 floors!
  3192 | D:6      | Reached skill level 7 in Axes
  3204 | D:5      | Entered Level 5 of the Dungeon
  3211 | D:5      | Noticed a slave
  3212 | D:5      | Noticed a slave
  3216 | D:5      | Noticed Pikel
  3220 | D:5      | Noticed a slave
  3237 | D:4      | Killed a slave
  3357 | D:4      | Reached skill level 5 in Armour
  3357 | D:4      | Reached XP level 7. HP: 50/62 MP: 6/6
  3861 | D:4      | Killed Pikel
  3861 | D:4      | Reached skill level 8 in Axes
  3861 | D:4      | Reached XP level 8. HP: 71/71 MP: 7/7
  3971 | D:5      | Reached skill level 9 in Axes
  4031 | D:5      | Noticed Edmund
  4097 | D:5      | Killed Edmund
  4662 | D:5      | Found an iron altar of Okawaru.
  5450 | D:6      | Slain by an ogre

Vault maps used:
D:1:      nzn_arrival_settlement
D:3:      nicolae_tso_carved_into_rock, nicolae_overflow_crystal_walls,
          minmay_misc_feat_roman, st_stairs_11, dk_vineyard_2
D:4:      fedhas_altar_2, minmay_temple_entry_hall, first_ration
D:5:      serial_co_window_serial, co_window_paths_b,
          co_window_of_opportunity_a, co_window_of_opportunity_a,
          co_window_paths_a, co_window_of_opportunity_a, co_window_paths_a,
          co_window_paths_a, co_window_unsneaky_path_c, co_window_corner_b,
          co_window_unsneaky_path_e, co_window_4corner_a, glass_columns_a,
          glass_columns_c, okawaru_trees_2, uniq_edmund, uniq_pikel
D:6:      uniq_prince_ribbit1, uniq_eustachio
Temple:   jpeg_temple_island

Skill      XL: |  1  2  3  4  5  6  7  8 |
---------------+-------------------------+-----
Axes           | 4 5 6 7 8 9 |  9.6
Fighting       | 4 5 6 7 |  7.2
Armour         | 3 4 5 6 |  6.7
Dodging        | |  2.4

Action                   |  1- 3 |  4- 6 |  7- 9 || total
-------------------------+-------+-------+-------++-------
Melee: Hand axe          |    89 |   125 |   140 ||   354
       Headbutt          |    10 |    22 |    34 ||    66
Invok: Berserk           |       |     1 |     3 ||     4
  Use: Scroll            |       |       |     4 ||     4
  Eat: Chunk             |    14 |     8 |     9 ||    31
Armor: Scale mail        |    44 |    31 |       ||    75
       Animal skin       |     2 |       |       ||     2
       Leather armour    |       |     6 |       ||     6
       Chain mail        |       |       |    50 ||    50
Dodge: Dodged            |    57 |    68 |    44 ||   169

Table legend:
 A = Non-vault XP
 B = Vault XP
 C = Vault XP percentage of total XP
 D = Non-vault monster count
 E = Vault monster count
 F = Vault count percentage of total count
                 A         B        C        D         E       F
            +---------+---------+-------+---------+---------+-------
      Total |    1320 |     764 |  36.7 |      95 |       5 |   5.0
            +---------+---------+-------+---------+---------+-------
        D:1 |      18 |       0 |   0.0 |      10 |       0 |   0.0
        D:2 |      38 |       0 |   0.0 |      18 |       0 |   0.0
        D:3 |     222 |       6 |   2.6 |      31 |       3 |   8.8
        D:4 |     500 |     651 |  56.6 |      18 |       1 |   5.3
        D:5 |     348 |     107 |  23.5 |      12 |       1 |   7.7
        D:6 |     194 |       0 |   0.0 |       6 |       0 |   0.0
            +---------+---------+-------+---------+---------+-------
